 Dungeon Crawl Stone Soup version 0.25.0-1-g7eea58d2a3 (webtiles) character file.

Game seed: 2363827840547966027

1205 Delamore the Basher (level 8, -7/46 HPs)
             Began as a Gargoyle Fighter on June 13, 2020.
             Was an Initiate of Okawaru.
             Mangled by a shadow wraith (16 damage)
             ... on level 1 of the Abyss.
             The game lasted 00:09:01 (5705 turns).

Delamore the Basher (Gargoyle Fighter)              Turns: 5705, Time: 00:09:01

Health: -7/46      AC: 20    Str: 34    XL:     8   Next: 45%
Magic:  8/8        EV: 25    Int: 14    God:    Okawaru [......]
Gold:   217        SH:  5    Dex: 16    Spells: 7/7 levels left

rFire    . . .     SeeInvis .   G - +3 mace of Iconoclasm {vorpal, Int+5} (curse)
rCold    . . .     Gourm    .   d - +0 buckler
rNeg     + . .     Faith    .   i - +4 scale mail "Capiumal" {Dex+7 Stlth+}
rPois    ∞         Spirit   .   (no helmet)
rElec    +         Reflect  .   J - +0 cloak
rCorr    .         Harm     .   H - +2 pair of gloves
MR       .....                  (no boots)
Stlth    +.........             z - amulet of the acrobat
HPRegen  0.15/turn              h - +6 ring of strength
MPRegen  0.11/turn              D - +6 ring of strength

@: acrobat, very slightly contaminated, slowed, studying 2 skills, very slow
A: negative energy resistance 1, electricity resistance, unbreathing,
petrification resistance, rot immunity, AC +5
a: Renounce Religion


You were on level 1 of the Abyss.
You worshipped Okawaru.
Okawaru was noncommittal.
You were hungry.

You visited 2 branches of the dungeon, and saw 6 of its levels.
You visited the Abyss 1 time.
You also visited: Sewer.

You collected 217 gold pieces.

Inventory:

Hand Weapons
 G - the cursed +3 mace of Iconoclasm (weapon) {vorpal, Int+5}
   (You found it on level 5 of the Dungeon)

   It inflicts extra damage upon your enemies.
   It affects your intelligence (+5).
   It has a curse placed upon it.
Armour
 c - a +0 kite shield
 d - a +0 buckler (worn)
 i - the +4 scale mail "Capiumal" (worn) {Dex+7 Stlth+}
   (You took it off a gnoll sergeant on level 4 of the Dungeon)

   It affects your dexterity (+7).
   It makes you more stealthy.
 y - a +0 plate armour
 H - a +2 pair of gloves (worn)
 J - a +0 cloak (worn)
Jewellery
 h - a +6 ring of strength (left hand)
 p - a +6 ring of strength
 z - an amulet of the acrobat (around neck)
 D - a +6 ring of strength (right hand)
 E - an uncursed ring of resist corrosion
Wands
 u - a wand of disintegration (17)
Scrolls
 g - a scroll of fog
 k - 2 scrolls of teleportation
 n - a scroll of blinking
 o - 5 scrolls of identify
 q - 2 scrolls of remove curse
 v - a scroll of noise {unknown}
 w - 2 scrolls of enchant armour {unknown}
 F - a scroll of immolation {unknown}
Potions
 a - a potion of flight {unknown}
 b - a potion of mutation {unknown}
 j - 5 potions of curing
 l - a potion of magic {unknown}
 m - 2 potions of stabbing {unknown}
 r - a potion of brilliance {unknown}
 s - a potion of resistance
 t - a potion of invisibility {unknown}
 x - a potion of experience {unknown}
 A - a potion of lignification {unknown}
 I - a potion of haste {unknown}
Books
 B - a manual of Evocations
 K - a manual of Armour
Comestibles
 f - 10 rations


   Skills:
 - Level 3.2 Fighting
 + Level 10.0 Maces & Flails
 - Level 3.2 Armour
 - Level 3.2 Shields


You had 7 spell levels left.
You didn't know any spells.
Your spell library contained the following spells:

 Spells                   Type           Power        Failure   Level  Hunger
 Freeze                   Ice            #...         52%         1    ##.....
 Frozen Ramparts          Ice            #.....       87%         3    ####...
 Ozocubu's Armour         Chrm/Ice       #.......     87%         3    ####...
 Hailstorm                Conj/Ice       #.......     99%         4    #####..
 Summon Ice Beast         Ice/Summ       #.......     99%         4    #####..


Dungeon Overview and Level Annotations

Branches:
Dungeon (5/15)             Temple (1/1) D:4           Sewer (visited)

Altars:
Ashenzari
Cheibriados
Dithmenos
Elyvilon
Fedhas
Hepliaklqana
Kikubaaqudgha
Makhleb
Nemelex Xobeh
Okawaru
Qazlal
Ru
Sif Muna
Trog
Uskayaw
Vehumet
Wu Jian
Xom
Yredelemnul
Zin
The Shining One

Shops:
D:4 }


Innate Abilities, Weirdness & Mutations

You are resistant to torment.
Your stone body is resilient. (AC +5)
You are immune to poison.
You resist negative energy. (rN+)
You are resistant to electric shocks. (rElec)
You can survive without breathing.
You are immune to petrification.
You are immune to rotting.


Message History

Something closely misses you. Something hits you!
* * * LOW HITPOINT WARNING * * *
Something closely misses you.
Okay, then.
Okay, then.
As you read the scroll of teleportation, it crumbles to dust.
You feel strangely stable. Something hits you but does no damage.
Blink to where?
Press: ? - help, Dir - move target cursor You are very lightly contaminated with residual magic.
As you read the scroll of blinking, it crumbles to dust.
Number of times to repeat, then command key: You must enter the number of times for the command to repeat.
Something completely misses you. Something hits you but does no damage.
There is an open door here.
Something barely misses you. Something hits you!
You die...

## # # #.# #.#
.# #. #.####
#.#######.. ##
#.#.... ....##
#.###§#####..#
#.# #.#......#
#.#####......#
#.@{..'......#
#######.....##
#.... # ##
####


There were no monsters in sight!

Vanquished Creatures
  The ghost of Xye the Digger, an amateur FoEE of Sif Muna (D:4)
  An ogre (D:5)
  2 bullfrogs (Sewer)
  A gnoll sergeant (D:4)
  A centaur zombie (D:4)
  Crazy Yiuf (D:5)
  3 orc priests
  A centaur skeleton (D:5)
  2 orc wizards (D:3)
  2 iguanas
  2 worker ants
  A hound zombie (D:5)
  5 gnolls (D:4)
  12 adders
  2 river rats (D:3)
  A shadow imp (D:5)
  8 oozes
  An adder skeleton (D:5)
  2 worms
  A dart slug (D:3)
  18 leopard geckos
  9 orcs
  5 ball pythons
  15 giant cockroaches
  15 goblins
  7 hobgoblins
  5 jackals (D:5)
  8 kobolds
  A quokka (D:5)
  15 bats
  14 frilled lizards
  A jackal skeleton (D:4)
  10 rats
173 creatures vanquished.

Vanquished Creatures (others)
  4 plants (D:4)
4 creatures vanquished.

Grand Total: 177 creatures vanquished

Notes
Turn   | Place    | Note
-------+----------+-------------------------------------------
     0 | D:1      | Delamore the Gargoyle Fighter began the quest for the Orb.
     0 | D:1      | Reached XP level 1. HP: 14/14 MP: 1/1
   164 | D:1      | Reached XP level 2. HP: 19/19 MP: 2/2
   249 | D:1      | Reached skill level 3 in Maces & Flails
   524 | D:1      | Reached XP level 3. HP: 22/23 MP: 3/3
  1081 | D:2      | Reached skill level 4 in Maces & Flails
  1150 | D:2      | Reached XP level 4. HP: 28/28 MP: 4/4
  1873 | D:3      | Found a glowing drain.
  1925 | D:3      | Reached skill level 5 in Maces & Flails
  1941 | Sewer    | Entered a sewer
  1956 | Sewer    | Reached XP level 5. HP: 17/32 MP: 5/5
  2663 | Sewer    | Reached skill level 6 in Maces & Flails
  2663 | Sewer    | Reached XP level 6. HP: 12/37 MP: 6/6
  2903 | D:3      | Reached skill level 7 in Maces & Flails
  3521 | D:3      | Reached XP level 7. HP: 41/41 MP: 7/7
  3797 | D:4      | Found a transporter.
  3799 | D:4      | Found a transporter.
  3888 | D:4      | Found a hide-covered altar of Uskayaw.
  3905 | D:4      | Reached skill level 8 in Maces & Flails
  3943 | D:4      | Found a staircase to the Ecumenical Temple.
  4045 | Temple   | Entered the Ecumenical Temple
  4489 | D:4      | Noticed Xye's ghost (amateur FoEE)
  4551 | D:4      | Found Vaguang's Gadget Boutique.
  4585 | D:4      | Identified the +8 trident of Eternal Vigilance {elec, +Fly
                  | rF+ Str+2}
  4585 | D:4      | Identified the +4 scale mail "Capiumal" {Dex+7 Stlth+}
  4629 | D:4      | Killed Xye's ghost
  4629 | D:4      | Reached skill level 9 in Maces & Flails
  4629 | D:4      | Reached XP level 8. HP: 33/46 MP: 8/8
  4794 | D:5      | Entered Level 5 of the Dungeon
  5014 | D:5      | Found a runed translucent door.
  5022 | D:5      | Got a crude mace
  5023 | D:5      | Identified the cursed +3 mace of Iconoclasm {vorpal, Int+5}
                  | (You found it on level 5 of the Dungeon)
  5029 | D:5      | Noticed Crazy Yiuf
  5055 | D:5      | Found an iron altar of Okawaru.
  5097 | D:5      | Became a worshipper of Warmaster Okawaru
  5199 | D:5      | Killed Crazy Yiuf
  5431 | D:5      | Found a sacrificial altar of Ru.
  5435 | D:5      | Found a burning altar of Makhleb.
  5487 | D:5      | Found a glowing silver altar of Zin.
  5509 | D:5      | Reached skill level 10 in Maces & Flails
  5594 | D:5      | Cast into level 1 of the Abyss (orc)
  5623 | Abyss:1  | Noticed a large abomination
  5705 | Abyss:1  | Mangled by a shadow wraith

Illustrated notes

Levels and vault maps discovered:
D:1:      dpeg_arrival_round_c, layout_basic, patterned_corridor
D:2:      layout_basic, minmay_distorted
D:3:      layout_loops_ring, cheibrodos_sewer_entry_sluice,
          minmay_fractal_squares_diagonal_5
D:4:      layout_layer_cave, eat_drink_and_be_merry_uskayaw,
          minmay_temple_entry_statues_fountains, gammafunk_ghost_gnarly_gnolls,
          serial_shops, kennysheep_mini_moat
D:5:      layout_loops_ring, grunt_temple_overflow_open, zin_scriptorium,
          nicolae_overflow_crystal_walls, first_ration, uniq_crazy_yiuf_cottage
Temple:   regret_index_temple_sphere_string
Abyss:1:  base: D:9, hangedman_cross_veins

Skill      XL: |  1  2  3  4  5  6  7  8 |
---------------+-------------------------+-----
Maces & Flails | 3 4 5 6 7 9 10 | 10.0
Fighting       | |  3.2
Armour         | |  3.2
Shields        | |  3.2

Action                   |  1- 3 |  4- 6 |  7- 9 || total
-------------------------+-------+-------+-------++-------
Melee: Flail             |   120 |   385 |   115 ||   620
       Mace              |       |       |    26 ||    26
  Use: Scroll            |       |     7 |     3 ||    10
       Potion            |       |     1 |     3 ||     4
  Eat: Chunk             |     1 |     9 |     6 ||    16
Armor: Scale mail        |    73 |   201 |    58 ||   332
Dodge: Dodged            |    36 |   137 |    54 ||   227
Block: Kite shield       |    60 |   249 |    57 ||   366
       Buckler           |       |       |     8 ||     8
